 Dungeon Crawl Stone Soup version 0.30-a0-509-gd016549fea (webtiles) character file.

Game seed: 13647116037224881949

148422 littlecub the Bewitcher (level 16, -6/84 HPs)
             Began as a Spriggan Enchanter on Dec 22, 2022.
             Was the Champion of Dithmenos.
             Mangled by a spriggan rider
             ... wielding a +0 spear
              (26 damage)
             ... on level 1 of the Swamp.
             The game lasted 02:31:30 (39100 turns).

littlecub the Bewitcher (Spriggan Enchanter)       Turns: 39100, Time: 02:31:31

Health: -6/84      AC:  4    Str:  8    XL:     16   Next: 94%
Magic:  2/30       EV: 30    Int: 25    God:    Dithmenos [******]
Gold:   1488       SH:  0    Dex: 21    Spells: 3/33 levels left

rFire   + + +      SeeInvis +    b - +1 quick blade (holy)
rCold   + + +      Faith    .    (no shield)
rNeg    . . .      Spirit   .    z - +0 robe "Qaptups" {Drain rElec rC+++ Int+2}
rPois   +          Reflect  .    m - +2 hat
rElec   +          Harm     .    R - scarf {rC+ rF+}
rCorr   .          Rampage  .    (gloves unavailable)
Will    ++++.                    (boots unavailable) Stlth **++++++++
                                 s - amulet "Udghan" {rElec rF+ Regen+ Int+2}
HPRegen 1.14/turn                N - ring of Seixiu Jaem {rF+ Will+}
MPRegen 0.22/turn                T - ring "Miffep" {rPois Will+ Dex+6}

@: about to teleport, wreathed by umbra, very quick
A: very small, no large weapons, unfitting armour, see invisible, speed 3
a: Renounce Religion, Shadow Step, Shadow Form


You were on level 1 of the Swamp.
You worshipped Dithmenos.
Dithmenos was exalted by your worship.
You visited 7 branches of the dungeon, and saw 30 of its levels.
You also visited: Ossuary, Ice Cave and Volcano.

You collected 3383 gold pieces.
You spent 1895 gold pieces at shops.

Inventory:

Hand Weapons
 b - a +1 quick blade of holy wrath (weapon)
Missiles
 I - 2 throwing nets
Armour
 m - a +2 hat (worn)
 z - the +0 robe "Qaptups" (worn) {Drain rElec rC+++ Int+2}
   (You acquired it on level 8 of the Dungeon)

   Int:       It affects your intelligence (+2).
   rC:        It renders you almost immune to cold.
   rElec:     It insulates you from electricity.
   Drain:     It drains your maximum health when unequipped.
 H - a +2 robe of fire resistance
 L - a scarf of invisibility
 R - a scarf of resistance (worn)
Jewellery
 s - the amulet "Udghan" (around neck) {rElec rF+ Regen+ Int+2}
   (You bought it in a shop on level 2 of the Orcish Mines)

   [amulet of regeneration]

   Int:       It affects your intelligence (+2).
   rF:        It protects you from fire.
   rElec:     It insulates you from electricity.
   Regen:     It increases your rate of health regeneration.
 v - an amulet of reflection
 E - a ring of flight
 F - an amulet of the acrobat
 J - a +6 ring of strength
 M - an amulet of magic regeneration
 N - the ring of Seixiu Jaem (left hand) {rF+ Will+}
   (You bought it in a shop on level 2 of the Orcish Mines)

   [ring of protection from fire]

   rF:        It protects you from fire.
   Will:      It increases your willpower.
 T - the ring "Miffep" (right hand) {rPois Will+ Dex+6}
   (You bought it in a shop on level 2 of the Orcish Mines)

   [ring of dexterity]

   Dex:       It affects your dexterity (+6).
   rPois:     It protects you from poison.
   Will:      It increases your willpower.
 V - the ring "Hinyh" {Drain rPois rF+ rC+ Will+}
   (You found it in an ice cave)

   [ring of protection from cold]

   rF:        It protects you from fire.
   rC:        It protects you from cold.
   rPois:     It protects you from poison.
   Drain:     It drains your maximum health when unequipped.
   Will:      It increases your willpower.
 W - a ring of magical power
 X - the ring "Lyceh" {Fire rElec Will+}
   (You found it in an ice cave)

   [ring of fire]

   It enhances your fire magic.
   rF:        It protects you from fire.
   rC:        It makes you vulnerable to cold.
   rElec:     It insulates you from electricity.
   Will:      It increases your willpower.
 Y - a ring of protection from cold
Wands
 q - a wand of flame (17)
 w - a wand of light (14)
 y - a wand of iceblast (24)
 D - a wand of digging (12)
 K - a wand of mindburst (18)
 P - a wand of charming (15)
Scrolls
 d - 3 scrolls of enchant armour
 e - a scroll of magic mapping
 j - 11 scrolls of vulnerability
 p - 4 scrolls of poison
 r - 3 scrolls of fog
 t - 4 scrolls of summoning
 x - 7 scrolls of teleportation
 A - 7 scrolls of amnesia
 G - 9 scrolls of identify
 O - a scroll of silence
 S - a scroll of brand weapon
 U - 2 scrolls of blinking
Potions
 a - 4 potions of haste
 c - 3 potions of invisibility
 f - 6 potions of attraction
 g - 7 potions of lignification
 h - 12 potions of brilliance
 i - 7 potions of berserk rage
 k - 2 potions of heal wounds
 l - 15 potions of mutation
 n - 8 potions of curing
 o - 7 potions of flight
 u - 4 potions of magic
 B - a potion of ambrosia
 C - a potion of cancellation
 Q - 5 potions of resistance
 Z - 2 potions of might {unknown}


   Skills:
 + Level 9.1 Fighting
 - Level 8.0 Short Blades
 + Level 14.3 Dodging
 + Level 17.2 Stealth
 + Level 9.1 Spellcasting
 * Level 18.4 Hexes
 * Level 12.0 Summonings
 + Level 11.9 Translocations
 - Level 4.0 Ice Magic
 - Level 4.0 Invocations


You had 3 spell levels left.
You knew the following spells:

 Your Spells              Type           Power      Damage    Failure   Level
a - Ensorcelled Hibernat  Hex/Ice        100%       N/A       1%          2
b - Confusing Touch       Hex            80%        N/A       0%          3
c - Tukima's Dance        Hex            80%        N/A       0%          3
d - Summon Mana Viper     Hex/Summ       73%        N/A       1%          5
e - Passage of Golubria   Tloc           63%        N/A       1%          4
f - Monstrous Menagerie   Summ           32%        N/A       32%         7
w - Dispersal             Tloc           31%        N/A       6%          6

Your spell library contained the following spells:

 Spells                   Type           Power      Damage    Failure   Level
 Slow                     Hex            100%       N/A       0%          1
 Apportation              Tloc           100%       N/A       1%          1
 Call Imp                 Summ           64%        N/A       1%          2
 Dazzling Flash           Conj/Hex       100%       N/A       1%          3
 Summon Guardian Golem    Hex/Summ       73%        N/A       1%          3
 Beastly Appendage        Tmut           22%        N/A       5%          1
 Foxfire                  Conj/Fire      44%        2x1d6     5%          1
 Magic Dart               Conj           44%        1d5       5%          1
 Shock                    Conj/Air       44%        1d5       5%          1
 Hailstorm                Conj/Ice       21%        3d6       7%          3
 Passwall                 Tmut/Erth      9%         N/A       9%          2
 Scorch                   Fire           22%        2d6       9%          2
 Sublimation of Blood     Necr           11%        N/A       9%          2
 Wereblood                Tmut           11%        N/A       9%          2
 Ignite Poison            Fire/Tmut/Pois 11%        N/A       16%         3
 Mephitic Cloud           Conj/Pois/Air  11%        N/A       16%         3
 Spider Form              Tmut/Pois      11%        N/A       16%         3
 Swiftness                Air            11%        N/A       16%         3
 Vampiric Draining        Necr           11%        2d6       16%         3
 Manifold Assault         Tloc           63%        N/A       1%          4
 Summon Forest            Summ/Tloc      32%        N/A       1%          5
 Yara's Violent Unravell  Hex/Tmut       27%        3d12      3%          5
 Summon Cactus Giant      Summ           32%        N/A       6%          6
 Ice Form                 Ice/Tmut       21%        N/A       24%         4
 Airstrike                Air            5%         2d(1-17)  47%         4
 Animate Dead             Necr           11%        N/A       47%         4
 Petrify                  Tmut/Erth      11%        N/A       47%         4
 Sticky Flame             Conj/Fire      11%        2d3       47%         4
 Blade Hands              Tmut           5%         N/A       83%         5
 Borgnjor's Vile Clutch   Necr/Erth      5%         N/A       83%         5
 Fireball                 Conj/Fire      5%         3d5       83%         5
 Irradiate                Conj/Tmut      5%         3d13      83%         5
 Disjunction              Tloc           31%        N/A       95%         8
 Simulacrum               Ice/Necr       10%        N/A       98%         6
 Death Channel            Necr           5%         N/A       100%        6
 Eringya's Noxious Bog    Tmut/Pois      5%         N/A       100%        6
 Starburst                Conj/Fire      5%         6d4       100%        6
 Ignition                 Fire           5%         3d4       100%        8
 Chain Lightning          Conj/Air       5%         3d7       100%        9
 Fire Storm               Conj/Fire      5%         8d2       100%        9
 Shatter                  Erth           5%         3d8*      100%        9


Dungeon Overview and Level Annotations

Branches:
Dungeon (15/15)            Temple (1/1) D:5            Lair (5/5) D:9
  Swamp (3/4) Lair:2       Spider (3/4) Lair:2        Slime (0/5) Lair:5
    Orc (2/2) D:12            Elf (1/3) Orc:2        Vaults (0/5) D:13
 Depths (0/4) D:15        Ossuary (visited)           IceCv (visited)
Volcano (visited)

Altars:
Ashenzari
Cheibriados
Dithmenos
Elyvilon
Fedhas
Gozag
Hepliaklqana
Kikubaaqudgha
Makhleb
Nemelex Xobeh
Okawaru
Qazlal
Ru
Sif Muna
Trog
Uskayaw
Vehumet
Wu Jian
Xom
Yredelemnul
Zin
The Shining One
Jiyva

Shops:
D:4 (   D:13 (   Orc:2 *[=(

Annotations:
Lair:4 exclusion: oklob plant
Spider:2 2 transporters, exclusion: orange crystal statue, Asterion


Innate Abilities, Weirdness & Mutations

You are very small and have problems with some larger weapons.
You are too small for most types of armour.
You have supernaturally acute eyesight. (SInv)
You cover ground extremely quickly. (Speed+++)


Message History

The spriggan rider closely misses you.
The spriggan rider hits your mana viper with a +0 spear!
The spriggan rider completely misses you.
The spriggan rider hits your mana viper with a +0 spear.
There is an escape hatch in the ceiling here.
The spriggan rider hits you with a +0 spear!!
You emit a cloud of dark smoke.
There is an escape hatch in the ceiling, spattered with blood here.
Your mana viper bites the spriggan rider!
The spriggan rider closely misses you. x2
A mysterious force pulls you upwards. The hatch slams shut behind you.
Aiming: Ensorcelled Hibernation (safe; 1% risk of failure)
Press: ? - help, Q - select action, (/) - cycle Shift-Dir - straight line, f - spriggan rider
Aim: a spriggan rider, wielding a +0 spear (umbra, chance to affect: 10%)
The spriggan rider resists with almost no effort.
Your shadow mimicks your spell!
The spriggan rider resists with almost no effort.
The spriggan rider hits you with a +0 spear!!
* * * LOW HITPOINT WARNING * * *
You emit a cloud of dark smoke.
Casting: Ensorcelled Hibernation (safe; 1% risk of failure)
Confirm with . or Enter, or press ? or * to list all spells.
A mana viper appears with a sibilant hiss.
The spriggan rider misses you.
Casting: Summon Mana Viper (mildly dangerous; 1% risk of failure)
Confirm with . or Enter, or press ? or * to list all spells.
Okay, then.
Casting: Summon Mana Viper (mildly dangerous; 1% risk of failure)
Confirm with . or Enter, or press ? or * to list all spells.
Casting: Dispersal (dangerous; 6% risk of failure)
Press: ? - help, Dir - look around, f - activate The spriggan rider blinks!
Your mana viper disappears!
The spriggan rider blinks!
You start resting.
A spriggan rider is nearby!
As you read the scroll of teleportation, it crumbles to dust.
You feel strangely unstable.
The spriggan rider hits you from afar with a +0 spear!!
You die...

♣♣♣♣ ♣♣♣♣♣♣
♣~~♣♣♣...~.
♣♣.~..~....~
♣♣♣♣♣♣..~~.♣♣♣♣♣~
♣♣§§~...~~~.♣ ♣♣.
♣♣.§§.~~.....♣ ♣.~
♣§.§i§~..♣♣~♣♣♣♣♣.~
♣♣§§.§....♣♣~~~...~
♣@§~§..~^...~.....
♣♣♣♣.~~~~..~~~....
♣♣♣..~~~~~~~~.~...
♣♣...[.~~~~~~~..♣♣♣
♣~.....~~~~~†~.~♣♣♣
♣♣...~~~~~~~~§~.?♣♣
♣.~§~~~~....~~~~♣♣♣
♣......♣..~.~~~.♣ ♣
♣♣♣♣♣♣♣♣....~§~~♣♣♣


You could see a spriggan rider.

Vanquished Creatures
  Mlioglotl (Spider:2)
  Kirke (D:13)
  An azure jelly (Spider:1)
  An orc warlord (Orc:2)
  2 broodmothers
  2 eleionomae
  Nessos (Orc:2)
  A bunyip (Swamp:3)
  2 spark wasps
  2 ice dragons (IceCv)
  A spriggan zombie (D:15)
  2 vault guards (D:13)
  A ghost crab (Swamp:1)
  4 hydras
  4 alligators
  A merfolk avatar (Lair:5)
  A boulder beetle (Spider:1)
  3 centaur warriors
  7 two-headed ogres
  3 radroaches
  A titan zombie (D:15)
  The ghost of liarliar the Geomancer, a novice GrEE of Sif Muna (D:9)
  3 orc high priests (Orc:2)
  Sonja (D:10)
  3 goliath frogs
  2 pharaoh ants
  6 skeletal warriors
  2 sea snakes
  A steelbarb worm (Spider:1)
  4 orb spiders
  5 wizards
  3 swamp dragons
  A bog body (Lair:2)
  2 deep elf pyromancers
  A phantasmal warrior (D:15)
  A necromancer (D:15)
  An orc sorcerer (Orc:2)
  13 wolf spiders
  A salamander (Volcano)
  3 ugly things (D:15)
  2 cyclopes
  3 manticores
  3 elephants
  7 black mambas
  6 storm dragon simulacra (IceCv)
  3 torpor snails
  3 gargoyles
  An unseen horror (D:11)
  9 cane toads
  5 rime drakes
  3 demonic crawlers
  An efreet (D:14)
  3 freezing wraiths
  6 komodo dragons
  A yaktaur (D:13)
  A yaktaur (shapeshifter) (D:15)
  4 golden dragon simulacra (IceCv)
  4 trolls
  A polar bear (Lair:4)
  14 tarantellas
  A tyrant leech (Lair:2)
  A wind drake (Lair:5)
  3 hornets
  A raiju (shapeshifter) (D:15)
  13 slime creatures
  2 blink frogs (Lair:3)
  22 culicivoras
  Sigmund (D:6)
  11 jumping spiders
  3 shadows
  5 wraiths
  11 wyverns
  20 yaks
  5 fire bats (Volcano)
  8 humans (D:13)
  7 basilisks
  4 steam dragons (Volcano)
  34 redbacks
  8 vampire mosquitoes
  14 water moccasins
  2 wargs
  Edmund (D:5)
  6 swamp worms
  2 hell hounds (Lair:2)
  3 black bears
  A swamp drake (Swamp:1)
  19 orc warriors
  A sky beast (D:7)
  11 ogres
  7 ice beasts
  A black bear (shapeshifter) (D:9)
  2 ice dragon simulacra (IceCv)
  9 centaurs
  14 wolves
  A kobold brigand (D:7)
  2 necrophages
  9 bullfrogs
  6 scorpions
  8 wights
  7 killer bees
  4 lindwurm simulacra (IceCv)
  3 electric eels
  3 howler monkeys
  A hound (D:6)
  24 orc priests
  A gnoll bouda (D:5)
  An iguana (D:5)
  30 orc wizards
  A hound zombie (Ossuary)
  4 mummies (Ossuary)
  3 gnolls (D:5)
  4 adders
  A white imp (D:7)
  An ufetubus (D:5)
  4 adder zombies (Ossuary)
  3 worms
  A dart slug (D:1)
  69 orcs
  4 bats (D:1)
  9 endoplasms
  2 giant cockroaches (Lair:2)
  4 gnoll zombies (Ossuary)
  7 goblins
  11 hobgoblins
  4 jackals (D:1)
  A quokka (D:5)
  3 ball pythons
  2 frilled lizards (D:1)
  A hobgoblin zombie (Ossuary)
  9 kobolds
  2 orc zombies (Ossuary)
  3 rats
682 creatures vanquished.

Vanquished Creatures (collateral kills)
  A golden dragon (IceCv)
  An emperor scorpion (Spider:1)
  A ghost moth (Spider:2)
  A broodmother (Spider:2)
  An orc warlord (Orc:1)
  An entropy weaver (Spider:1)
  A fire dragon (Volcano)
  3 ice dragons (IceCv)
  A vault guard (D:13)
  2 hydras
  An ogre mage (Orc:1)
  A catoblepas (D:13)
  2 two-headed ogres (D:12)
  An orc high priest (Orc:2)
  Urug (D:12)
  A sea snake (Lair:5)
  Nergalle (Lair:3)
  4 skeletal warriors
  A bog body (Lair:2)
  A tengu zombie (D:15)
  3 orc knights
  A deep elf zephyrmancer (Elf:1)
  A deep elf pyromancer (D:14)
  A tengu skeleton (D:15)
  7 slime creatures
  2 manticores
  3 orc sorcerers
  An ugly thing (D:15)
  8 elephants
  2 salamanders (Volcano)
  A cane toad (Lair:3)
  Psyche (D:10)
  2 komodo dragons
  A rime drake (Lair:5)
  A golden dragon simulacrum (IceCv)
  3 polar bears (Lair:5)
  2 tarantellas
  4 hornets
  A snapping turtle (Lair:5)
  2 blink frogs
  2 spriggans (Swamp:2)
  A wraith (D:9)
  9 yaks
  9 humans (D:13)
  2 fire bats (Volcano)
  7 redbacks
  2 vampire mosquitoes
  3 wargs (D:12)
  A swamp worm (Swamp:2)
  An acid dragon (D:12)
  A water moccasin (Lair:5)
  11 orc warriors
  A nameless horror (Volcano)
  2 ice dragon simulacra (IceCv)
  2 ogres
  2 wolves (Lair:3)
  A centaur (D:10)
  A gnoll sergeant (D:9)
  2 wights
  A killer bee (D:10)
  2 lindwurm simulacra (IceCv)
  2 howler monkeys (D:10)
  3 orc priests
  6 orc wizards
  14 orcs
162 creatures vanquished.

Vanquished Creatures (others)
  A goliath frog (Swamp:2)
  A redback (Spider:2)
  2 swamp worms
  15 dancing weapons
  An orc wizard (Orc:2)
  An orc (Orc:1)
  A training dummy (D:13)
  4 foxfires (Swamp:2)
  14 fungi
  134 plants
  5 withered plants (D:15)
179 creatures vanquished.

Grand Total: 1023 creatures vanquished

Notes
Turn   | Place    | Note
-------+----------+-------------------------------------------
     0 | D:1      | littlecub the Spriggan Enchanter began the quest for the
                  | Orb.
     0 | D:1      | Reached XP level 1. HP: 9/9 MP: 5/5
   123 | D:1      | Reached XP level 2. HP: 12/13 MP: 6/6
   126 | D:1      | Learned a level 2 spell: Ensorcelled Hibernation
   295 | D:1      | Reached skill level 4 in Hexes
   669 | D:1      | Reached XP level 3. HP: 15/16 MP: 0/8
   681 | D:1      | Learned a level 3 spell: Confusing Touch
  1267 | D:2      | Found a faded altar of an unknown god.
  1276 | D:2      | Got Plato's Tome of Dislocation
  2629 | D:4      | Found Funanub's Antique Weapon Boutique.
  2639 | D:4      | Reached XP level 4. HP: 21/21 MP: 9/9
  2644 | D:4      | Reached skill level 5 in Stealth
  2729 | D:4      | Noticed an ogre
  2777 | D:4      | Killed an ogre
  2778 | D:4      | Reached skill level 1 in Ice Magic
  2778 | D:4      | Reached XP level 5. HP: 15/25 MP: 4/11
  2919 | D:4      | Reached skill level 5 in Hexes
  3044 | D:4      | Found a basalt altar of Yredelemnul.
  3051 | D:4      | Got the Vellum of Calefaction
  3088 | D:4      | Learned a level 3 spell: Tukima's Dance
  3216 | D:4      | Reached XP level 6. HP: 29/29 MP: 3/12
  3642 | D:5      | Entered Level 5 of the Dungeon
  3643 | D:5      | Noticed Edmund
  3643 | D:5      | Noticed a +0 dagger
  3644 | D:5      | Noticed a +0 dagger
  3826 | D:5      | Killed Edmund
  3827 | D:5      | Reached skill level 1 in Fighting
  3898 | D:5      | You fall into a shaft and drop 1 floor!
  3918 | D:6      | Found the +5 robe of Misfortune {Harm *Corrode *Slow EV+5}
  3925 | D:6      | Noticed an ice beast
  3945 | D:6      | Killed an ice beast
  3992 | D:6      | Found a sand-covered staircase.
  4000 | Ossuary  | Entered an ossuary
  4015 | Ossuary  | Reached XP level 7. HP: 31/33 MP: 11/13
  4422 | D:6      | Reached skill level 6 in Hexes
  4436 | D:6      | Noticed Sigmund
  4542 | D:5      | Found a hide-covered altar of Uskayaw.
  4806 | D:5      | Found a bloodstained altar of Trog.
  4948 | D:5      | Found a staircase to the Ecumenical Temple.
  4955 | Temple   | Entered the Ecumenical Temple
  4955 | Temple   | Found a transporter.
  4955 | Temple   | Found a transporter.
  4957 | Temple   | Found a transporter.
  4957 | Temple   | Found a transporter.
  4987 | Temple   | Became a worshipper of Dithmenos the Shadowed
  5032 | D:5      | Found a glowing golden altar of the Shining One.
  5174 | D:5      | Found an ancient bone altar of Kikubaaqudgha.
  5228 | D:5      | Reached XP level 8. HP: 39/39 MP: 11/15
  5304 | D:5      | Found an iron altar of Okawaru.
  5454 | D:5      | Reached skill level 5 in Short Blades
  5577 | D:5      | Reached skill level 5 in Dodging
  5769 | D:6      | Killed Sigmund
  5770 | D:6      | Reached skill level 7 in Hexes
  6144 | D:6      | Reached skill level 5 in Spellcasting
  6962 | D:7      | Learned a level 6 spell: Dispersal
  6980 | D:7      | Identified the +8 scale mail of Honour {+Inv}
  7047 | D:7      | Reached XP level 9. HP: 43/43 MP: 17/17
  7342 | D:7      | Reached * piety under Dithmenos
  7343 | D:7      | Reached skill level 1 in Translocations
  7354 | D:7      | Found an opulent altar of Gozag.
  7580 | D:7      | Reached skill level 8 in Hexes
  7904 | D:8      | Identified 3 scrolls of acquirement
  7904 | D:8      | Acquired the +0 robe "Qaptups" {Drain rElec rC+++ Int+2}
  7920 | D:7      | Acquired the Anthology of Shifting Summoning
  7929 | D:7      | Learned a level 5 spell: Summon Mana Viper
  7929 | D:7      | Acquired a +0 quick blade of holy wrath
  8336 | D:8      | Reached skill level 1 in Summonings
  8357 | D:8      | Found a blossoming altar of Fedhas.
  8724 | D:9      | Noticed a rime drake
  8725 | D:9      | Found a staircase to the Lair.
  8838 | D:9      | Killed a rime drake
  8839 | D:9      | Reached skill level 1 in Invocations
  9200 | D:9      | Found a stormy altar of Qazlal.
  9269 | D:9      | Reached ** piety under Dithmenos
  9270 | D:9      | Reached XP level 10. HP: 49/49 MP: 20/20
  9300 | D:9      | Reached skill level 9 in Hexes
  9563 | D:9      | Noticed liarliar's ghost (novice GrEE)
  9919 | D:9      | Found a transporter.
  9954 | D:9      | Found a transporter.
 10115 | D:9      | Found a sacrificial altar of Ru.
 10250 | D:10     | Entered Level 10 of the Dungeon
 10250 | D:10     | Noticed a gargoyle
 10269 | D:10     | Killed a gargoyle
 10420 | D:10     | Noticed a two-headed ogre
 10420 | D:10     | Noticed a gargoyle
 10421 | D:10     | Noticed a two-headed ogre
 10473 | D:9      | Noticed an entropy weaver
 10487 | D:10     | Noticed a two-headed ogre
 10531 | D:9      | an entropy weaver changed into a salamander
 10531 | D:9      | Noticed a salamander (shapeshifter)
 10548 | D:9      | a salamander changed into a troll
 10870 | Lair:1   | Entered Level 1 of the Lair of Beasts
 10920 | Lair:1   | Noticed a black mamba
 10947 | Lair:1   | Killed a black mamba
 10996 | Lair:1   | Noticed a cane toad
 11003 | Lair:1   | Killed a cane toad
 11004 | Lair:1   | Reached skill level 10 in Hexes
 11133 | Lair:1   | Noticed a cane toad
 11140 | Lair:1   | Killed a cane toad
 11158 | Lair:1   | Reached XP level 11. HP: 47/53 MP: 5/21
 11255 | Lair:1   | You fall into a shaft and drop 1 floor!
 11273 | Lair:2   | Found a hole to the Spider Nest.
 11436 | Lair:2   | Reached skill level 10 in Stealth
 11697 | Lair:2   | Noticed a five-headed hydra
 11717 | Lair:2   | Killed a five-headed hydra
 11779 | Lair:2   | Found a staircase to the Swamp.
 11780 | Lair:2   | Noticed a bog body
 11780 | Lair:2   | Noticed a bog body
 11793 | Lair:2   | Killed a bog body
 11793 | Lair:2   | Reached *** piety under Dithmenos
 11856 | Lair:2   | Killed a bog body
 11939 | Lair:2   | Found a dark tunnel.
 11948 | Volcano  | Entered a volcano
 12040 | Volcano  | Reached skill level 11 in Hexes
 12040 | Volcano  | Reached skill level 5 in Summonings
 12800 | Volcano  | Reached skill level 5 in Fighting
 12961 | Volcano  | Noticed a fire dragon
 13486 | Volcano  | Killed a fire dragon
 13487 | Volcano  | Reached XP level 12. HP: 48/60 MP: 11/22
 13888 | Lair:2   | Reached skill level 12 in Hexes
 14529 | Lair:1   | Reached **** piety under Dithmenos
 15346 | Lair:3   | Learned a level 4 spell: Passage of Golubria
 15491 | Lair:3   | Noticed Nergalle
 15501 | Lair:3   | Killed Nergalle
 15612 | Lair:3   | Reached skill level 10 in Dodging
 16335 | D:10     | Reached skill level 13 in Hexes
 16492 | D:10     | Found a snail-covered altar of Cheibriados.
 16492 | D:10     | Found a hazy altar of Hepliaklqana.
 16524 | D:10     | Noticed Psyche
 16560 | D:10     | Killed Psyche
 16756 | D:10     | Killed a two-headed ogre
 16762 | D:10     | Killed a two-headed ogre
 16847 | D:10     | Killed a two-headed ogre
 17292 | D:10     | Noticed Sonja
 17295 | D:10     | Killed Sonja
 17324 | D:10     | Found a shimmering blue altar of Sif Muna.
 18327 | D:11     | Reached XP level 13. HP: 65/65 MP: 23/23
 18342 | D:11     | Identified the +5 scale mail "Jaepeef" {Rampage Fly rElec
                  | Str+3}
 18573 | D:12     | Noticed Urug
 18592 | D:12     | Killed Urug
 19267 | D:12     | Found a staircase to the Orcish Mines.
 19344 | D:12     | Reached skill level 5 in Translocations
 19615 | D:12     | Reached skill level 14 in Hexes
 20419 | D:13     | Reached ***** piety under Dithmenos
 22167 | Lair:5   | Entered Level 5 of the Lair of Beasts
 22643 | Lair:4   | Reached XP level 14. HP: 70/70 MP: 22/24
 22752 | Lair:5   | Reached skill level 15 in Hexes
 23057 | Lair:5   | Identified the +10 flail of Cheibriados's Esteem {spect,
                  | Str+5}
 23167 | Lair:5   | Found a viscous altar of Jiyva.
 23167 | Lair:5   | Found a staircase to the Slime Pits.
 24140 | D:9      | Killed liarliar's ghost
 24262 | Orc:1    | Entered Level 1 of the Orcish Mines
 24851 | Orc:2    | Entered Level 2 of the Orcish Mines
 24865 | Orc:2    | Noticed Nessos
 24873 | Orc:2    | Killed Nessos
 24996 | Orc:2    | Found a staircase to the Elven Halls.
 25280 | Orc:2    | Noticed an orc warlord
 25396 | Orc:1    | Killed an orc warlord
 26168 | Orc:2    | Reached ****** piety under Dithmenos
 26179 | Orc:2    | Noticed an orc warlord
 26314 | Orc:2    | Reached skill level 10 in Summonings
 26646 | Orc:1    | Reached skill level 16 in Hexes
 27125 | Orc:2    | Killed an orc warlord
 27157 | Orc:2    | Reached skill level 15 in Stealth
 27460 | Orc:2    | Found Ikhlo's Antique Armour Shoppe.
 27480 | Orc:2    | Found Utiusuis's Antique Weapon Emporium.
 27482 | Orc:2    | Found Cenares's General Store.
 27482 | Orc:2    | Found Oqycal's Jewellery Shoppe.
 27487 | Orc:2    | Bought a scroll of identify for 26 gold pieces
 27487 | Orc:2    | Bought a scroll of brand weapon for 123 gold pieces
 27692 | Orc:2    | Bought the ring "Miffep" {rPois Will+ Dex+6} for 633 gold
                  | pieces
 27702 | Orc:2    | Bought the amulet "Udghan" {rElec rF+ Regen+ Int+2} for 662
                  | gold pieces
 27702 | Orc:2    | Bought the ring of Seixiu Jaem {rF+ Will+} for 451 gold
                  | pieces
 27912 | D:13     | Reached XP level 15. HP: 68/77 MP: 18/25
 27988 | D:13     | Noticed Kirke
 27997 | D:13     | Killed Kirke
 28506 | D:13     | Found Cyelleab's Firing Range.
 28670 | D:13     | Found a gate to the Vaults.
 30195 | Elf:1    | Entered Level 1 of the Elven Halls
 30765 | Swamp:1  | Entered Level 1 of the Swamp
 31021 | Swamp:1  | Reached skill level 10 in Translocations
 31485 | Swamp:2  | Noticed a tentacled monstrosity
 31856 | Spider:1 | Entered Level 1 of the Spider Nest
 32094 | Spider:1 | Reached skill level 17 in Hexes
 32135 | Spider:1 | Found a frozen archway.
 32135 | Spider:1 | Noticed an azure jelly
 32162 | Spider:1 | Killed an azure jelly
 32178 | IceCv    | Entered an ice cave
 32694 | IceCv    | Noticed a golden dragon
 32728 | IceCv    | Killed a golden dragon
 32822 | IceCv    | Identified the ring "Hinyh" {Drain rPois rF+ rC+ Will+}
 32832 | IceCv    | Identified the ring "Lyceh" {Fire rElec Will+}
 33449 | Spider:1 | Reached XP level 16. HP: 16/82 MP: 8/28
 33588 | Spider:1 | HP: 2/82 [culicivora (23)]
 34588 | Spider:2 | Noticed Mlioglotl
 34589 | Spider:2 | Killed Mlioglotl
 35629 | Spider:2 | Found a transporter.
 35640 | Spider:2 | Noticed Asterion
 36250 | Spider:2 | Found a transporter.
 36525 | Spider:2 | Reached skill level 18 in Hexes
 36753 | Spider:1 | Learned a level 7 spell: Monstrous Menagerie
 37237 | D:15     | Entered Level 15 of the Dungeon
 37298 | D:15     | Found a staircase to the Depths.
 37327 | D:15     | HP: 4/84 [titan zombie (36)]
 39100 | Swamp:1  | Mangled by a spriggan rider

Illustrated notes

Levels and vault maps discovered:
D:1:      ncdulo_smallfort, layout_loops_ring
D:2:      layout_basic, shapermc_ecumenical_altar_rom_forum
D:3:      layout_rooms
D:4:      layout_basic, mainiacjoe_overflow_boulevard, serial_shops,
          nicolae_shop_overgrown_old_shop
D:5:      layout_loops_cross, grunt_temple_overflow_bloody_war,
          mainiacjoe_overflow_catwalk, dancing_weapons_uskayaw,
          nicolae_overflow_crystal_walls, minmay_temple_entry_arrows,
          uniq_edmund
D:6:      layout_basic, nicolae_ossuary_entry_plus, uniq_sigmund
D:7:      layout_basic, grunt_gozag_statues
D:8:      corexii_shack_village, layout_cave_pools,
          lemuel_coloured_pillars_altar, serial_column_ruins,
          column_ruins_hut_ruined, column_ruins_square_small,
          column_ruins_corridor_straight, column_ruins_columns_straight,
          column_ruins_open_small, column_ruins_open_small,
          column_ruins_columns_straight, column_ruins_corridor_straight,
          column_ruins_open_tiny, small_statue_alley_b
D:9:      layout_grid_maze, lemuel_round_altar, lemuel_round_altar,
          hellmonk_lair_entry_icy, gammafunk_ghost_arena, minmay_puff
D:10:     layout_cave_pools, lemuel_blue_sif_altar,
          gammafunk_temple_overflow_elements, onia_ninara_cookie, uniq_psyche,
          uniq_sonja
D:11:     layout_grid_maze
D:12:     layout_rooms, minmay_orc_entry_guard_dogs, uniq_urug
D:13:     layout_basic, grunt_vaults_entry_tiered, serial_rivers,
          chequers_serial_rivers_small_3, chequers_serial_rivers_micro_a,
          chequers_serial_rivers_small_3, chequers_serial_rivers_room_a,
          chequers_serial_rivers_micro_c, hangedman_abyss_or_decor_passed,
          nicolae_shop_firing_range, uniq_kirke
D:14:     layout_stronghold, nicolae_cairo_tiling
D:15:     gammafunk_depths_entry_grave, layout_irregular_city, abandoned_shop
Temple:   hellmonk_temple_divided_pantheon
Lair:1:   layout_cave_shapes, infiniplex_staircase_pool_2, lemuel_fruit_tree
Lair:2:   layout_misc_corridors, skrybe_swamp_entry_bodies,
          nicolae_spider_entry_non_spiders, enter_volcano_3, serial_rivers,
          chequers_serial_rivers_micro_c, chequers_serial_rivers_large_a,
          chequers_serial_rivers_micro_a, chequers_serial_rivers_micro_a,
          chequers_serial_rivers_room_b, chequers_serial_rivers_room_a,
          grunt_megastairs_3, infiniplex_staircase_pool
Lair:3:   layout_hall_layers, beast_lair_carwin_7, uniq_nergalle
Lair:4:   layout_hall_layers, minmay_stone_trees_small
Lair:5:   gammafunk_lair_ancient_temple, layout_cave_pods,
          dpeg_slime_entry_corner
Swamp:1:  layout_basic_swamp, nicolae_swamp_tree_designs
Swamp:2:  layout_basic_swamp, nicolae_swamp_tree_isthmus
Swamp:3:  layout_basic_swamp, nicolae_swamp_feature_on_the_river_bank,
          uniq_bai_suzhen
Spider:1: layout_spider_delve, portal_ice_cave_entry_frozen_things
Spider:2: gammafunk_sealed_arena, hangedman_spider_tarantella_strand,
          uniq_asterion, uniq_mlioglotl
Spider:3: layout_spider_delve, worms_lemuel, nicolae_spider_cling_halls
Orc:1:    layout_diamond_mine
Orc:2:    st_orc_congregation, layout_diamond_mine, uniq_nessos
Elf:1:    kennysheep_oblong_rooms, layout_geoelf_diagonals,
          minmay_elf_demonology, lemuel_upstairs_altar

Skill      XL: |  1  2  3  4  5  6  7  8  9 10 11 12 13 14 15 16 |
---------------+-------------------------------------------------+-----
Hexes          | 4 5 6 7 8 10 11 13 14 16 17 18 | 18.4
Dodging        | 3 4 5 6 7 9 10 11 12 13 14 | 14.3
Short Blades   | 2 3 4 6 7 8 |  8.0
Spellcasting   | 3 4 5 6 7 9 |  9.1
Stealth        | 5 6 7 8 9 11 12 13 15 16 17 | 17.2
Ice Magic      | 1 2 3 4 |  4.0
Fighting       | 1 2 3 4 5 6 7 8 9 |  9.1
Translocations | 1 4 7 9 10 11 | 11.9
Summonings     | 2 4 6 7 9 10 11 12 | 12.0
Invocations    | 1 3 4 |  4.0

Action                   |  1- 3 |  4- 6 |  7- 9 | 10-12 | 13-15 | 16-18 || total
-------------------------+-------+-------+-------+-------+-------+-------++-------
Melee: Dagger            |    98 |    70 |   214 |       |       |       ||   382
       Punch             |       |       |     5 |     5 |    14 |     3 ||    27
       Quick blade       |       |       |    50 |   391 |   764 |   290 ||  1495
 Cast: Ensorcelled Hiber |    28 |    28 |    68 |   188 |   351 |   128 ||   791
       Confusing Touch   |       |     6 |    19 |    20 |    62 |    29 ||   136
       Tukima's Dance    |       |     3 |    14 |    16 |    23 |     2 ||    58
       Summon Mana Viper |       |       |       |    26 |   121 |    51 ||   198
       Dispersal         |       |       |       |       |       |     2 ||     2
       Passage of Golubr |       |       |       |       |       |     1 ||     1
Invok: Shadow Step       |       |       |       |     1 |     8 |     5 ||    14
Evoke: Wand              |       |       |       |       |     3 |       ||     3
  Use: Scroll            |     7 |     3 |    12 |     4 |     6 |     2 ||    34
       Potion            |       |     1 |       |     3 |     4 |     2 ||    10
 Stab: Sleeping          |    27 |    20 |    73 |   113 |   244 |   102 ||   579
       Confused          |       |     5 |    18 |    24 |    55 |    22 ||   124
       Invisible         |       |     2 |     3 |       |     6 |       ||    11
       Distracted        |       |       |     1 |     1 |    13 |     5 ||    20
Armor: Robe              |    13 |     5 |     4 |    18 |    28 |    13 ||    81
Dodge: Dodged            |    85 |    27 |   125 |   312 |   588 |   295 ||  1432

Table legend: (Time is in decaauts)
 A = Elapsed time spent in this place.
 B = Non-inter-level travel time spent in this place.
 C = Inter-level travel time spent in this place.
 D = Time resting spent in this place.
 E = Time spent auto-exploring this place.
 F = Levels seen in this place.
 G = Mean time per level.
                   A        B        C        D        E       F      G
               +--------+--------+--------+--------+--------+-----+--------+
         Total |  29948 |  28319 |   1629 |   4335 |  17420 |  33 |  907.5 |
       Dungeon |  14765 |  13893 |    872 |   1395 |   9790 |  15 |  984.3 |
        Temple |     32 |     28 |      4 |      0 |      4 |   1 |   32.0 |
          Lair |   5274 |   4890 |    384 |    789 |   2909 |   5 | 1054.8 |
         Swamp |   1320 |   1247 |     73 |    237 |    697 |   3 |  440.0 |
   Spider Nest |   2981 |   2879 |    102 |    881 |   1224 |   3 |  993.7 |
  Orcish Mines |   2657 |   2517 |    140 |    632 |   1157 |   2 | 1328.5 |
   Elven Halls |    241 |    189 |     52 |      0 |    124 |   1 |  241.0 |
       Ossuary |    210 |    210 |      0 |      0 |    117 |   1 |  210.0 |
      Ice Cave |    961 |    961 |      0 |     60 |    613 |   1 |  961.0 |
       Volcano |   1502 |   1502 |      0 |    340 |    781 |   1 | 1502.0 |
               +--------+--------+--------+--------+--------+-----+--------+

Top non-repeatable levels by time:
     D:9: 2272 daAuts
Spider:1: 1953 daAuts
  Lair:2: 1886 daAuts
    D:12: 1722 daAuts
   Orc:2: 1586 daAuts
 Volcano: 1502 daAuts
    D:13: 1277 daAuts
  Lair:5: 1222 daAuts
     D:6: 1079 daAuts
   Orc:1: 1071 daAuts
    D:10: 1036 daAuts
Spider:2: 1021 daAuts
     D:4: 1009 daAuts
   IceCv: 961 daAuts
     D:5: 950 daAuts
